 Dungeon Crawl Stone Soup version 0.29-a0-416-g83a48905f1 (webtiles) character file.

Game seed: 14097690454617684267

123 xian the Poker (level 5, 0/36 HPs)
             Began as an Octopode Berserker on May 16, 2022.
             Was a Believer of Trog.
             Slain by an orc priest
             ... wielding a +0 club
              (6 damage)
             ... on level 3 of the Dungeon.
             The game lasted 00:07:43 (2895 turns).

xian the Poker (Octopode Berserker)                 Turns: 2895, Time: 00:07:44

Health: 0/36       AC:  1    Str: 18    XL:     5   Next: 7%
Magic:  5/5        EV:  9    Int: 10    God:    Trog [**....]
Gold:   64         SH: 12    Dex: 11    Spells: 4/4 levels left

rFire   . . .      SeeInvis .   a - +0 spear
rCold   . . .      Faith    .   g - +2 tower shield
rNeg    . . .      Spirit   .   (helmet restricted)
rPois   .          Reflect  .   (no amulet)
rElec   .          Harm     .   (no ring)
rCorr   .          Rampage  .   (no ring)
Will    .....                   (no ring)
Stlth   +++.......              (no ring)
HPRegen 0.12/turn               (no ring)
MPRegen 0.09/turn               (no ring)
                                (no ring)
                                (no ring)

@: on berserk cooldown, attractive, slowed, very slow
A: almost no armour, amphibious, 8 rings, camouflage 1, gelatinous body 1,
(nimble swimmer 1), tentacles
a: Renounce Religion, Berserk, Trog's Hand


You were on level 3 of the Dungeon.
You worshipped Trog.
Trog was pleased with you.
You visited 1 branch of the dungeon, and saw 3 of its levels.

You collected 64 gold pieces.

Inventory:

Hand Weapons
 a - a +0 spear (weapon)
Armour
 g - a +2 tower shield (worn)
Scrolls
 b - 3 scrolls of identify
 e - a scroll of enchant armour
Potions
 c - a potion of attraction
 d - 2 potions of lignification {unknown}
 i - a potion of cancellation {unknown}
 j - a potion of haste {unknown}


   Skills:
 + Level 3.5 Fighting
 + Level 4.3 Polearms
 + Level 3.6 Dodging
 + Level 2.3 Stealth
 + Level 0.3 Shields


You had 4 spell levels left.
You didn't know any spells.
Your spell library contained the following spells:

 Spells                   Type           Power      Damage    Failure   Level
 Animate Skeleton         Necr           0%         N/A       100%        1
 Pain                     Necr           0%         1d4       100%        1
 Vampiric Draining        Necr           0%         2d6       100%        3


Dungeon Overview and Level Annotations

Branches:
Dungeon (3/15)

Altars:


Innate Abilities, Weirdness & Mutations

You cannot wear most types of armour.
You are amphibious.
You can wear up to eight rings at the same time.
Your skin changes colour to match your surroundings (Stealth+).
Your rubbery body absorbs attacks. (AC +1, EV +1)
((You are camouflaged when in or above water. (Stealth+)))
You have tentacles for arms and can constrict up to eight enemies at once.


Message History

Your skin crawls.
You feel strong-willed. You block the orc priest's attack.
You barely miss the orc priest. Your grab misses the orc priest.
You squeeze the orc priest.
The orc priest is moderately wounded.
The orc priest hits you with a +0 club.
* * * LOW HITPOINT WARNING * * *
You block the orc priest's attack. The orc priest barely misses you.
Unknown command.
You hear the slow rusting of a very distant drain.
The orc priest hits you with a +0 club.
* * * LOW HITPOINT WARNING * * *
Unknown command.
As you read the scroll labelled BIGHYEKISIU, it crumbles to dust.
The scroll dissolves into smoke.
It was a scroll of fog.
The orc priest barely misses you. You block the orc priest's attack.
An orc priest is nearby!
As you read the scroll labelled REBBEU PORROKA, it crumbles to dust.
You assume a fearsome visage.
The orc priest resists with some effort.
It was a scroll of fear.
You block the orc priest's attack. The orc priest closely misses you.
Blink to where?
Press: ? - help, Dir - move target
As you read the scroll labelled QEGUMU SAIFYXU, it crumbles to dust.
It was a scroll of blinking.
You feel the effects of Trog's Hand fading.
Found 2 javelins.
The orc priest mumbles some strange prayers to Beogh against you.
Beogh smites you!
* * * LOW HITPOINT WARNING * * *
Your skin stops crawling.
You feel less strong-willed.
You see here 2 javelins.
Okay, then.
It was a potion of attraction.
You feel attractive to monsters. The orc priest hits you with a +0 club.
You die...

##########
#..o.....#
####.######.#
#.......# #o#
##.......#
#.#
.........#
#.######
#.§§§....#
#...o..####
#§§§§....#
#####@....#
#§o§....#
#.....#
#§§§.§..#
#........
#§§§.§..#
##.......
#§§§§§..#
.......
#)..?...#
.......
).......#
.......
........#
.......
..###.###


You could see an orc priest.

Vanquished Creatures
  An orc wizard (D:3)
  2 adders (D:2)
  2 worms (D:2)
  4 dart slugs
  4 orcs (D:3)
  7 endoplasms
  3 giant cockroaches
  6 goblins
  7 hobgoblins
  4 jackals
  5 kobolds
  A quokka (D:1)
  3 ball pythons
  3 bats (D:2)
  3 frilled lizards (D:1)
  3 rats
58 creatures vanquished.

Notes
Turn   | Place    | Note
-------+----------+-------------------------------------------
     0 | D:1      | xian the Octopode Berserker began the quest for the Orb.
     0 | D:1      | Reached XP level 1. HP: 16/16 MP: 1/1
    62 | D:1      | Found Esett's Antique Weapon Shoppe.
    77 | D:1      | Reached XP level 2. HP: 15/21 MP: 2/2
   534 | D:1      | Reached XP level 3. HP: 26/26 MP: 3/3
  1124 | D:2      | Reached ** piety under Trog
  1381 | D:2      | Reached skill level 1 in Stealth
  1601 | D:2      | Reached XP level 4. HP: 31/31 MP: 4/4
  1662 | D:2      | Reached skill level 4 in Polearms
  1786 | D:2      | Found a faded altar of an unknown god.
  2866 | D:3      | Reached XP level 5. HP: 24/36 MP: 5/5
  2876 | D:3      | HP: 1/36 [orc priest/+0 club (5)]
  2895 | D:3      | Slain by an orc priest

Illustrated notes

Levels and vault maps discovered:
D:1:      nzn_arrival_water_spiral, layout_basic, serial_shops,
          nicolae_shop_competitors_out_of_business
D:2:      layout_basic, dreamdust_ecumenical_altar_hidden_monk_grotto,
          minmay_pentomino_w4
D:3:      layout_basic, portal_sewer_entry_a

Skill      XL: |  1  2  3  4 |
---------------+-------------+-----
Stealth        | 1 2 |  2.3
Polearms       | 4 |  4.3
Fighting       | |  3.5
Dodging        | |  3.6
Shields        | |  0.3

Action                   |  1- 3 |  4- 6 || total
-------------------------+-------+-------++-------
Melee: Spear             |    90 |    41 ||   131
       Constrict         |    23 |     9 ||    32
       Tentacles         |    16 |     7 ||    23
Invok: Berserk           |       |     1 ||     1
       Trog's Hand       |       |     1 ||     1
  Use: Scroll            |       |     4 ||     4
       Potion            |       |     1 ||     1
 Stab: Sleeping          |     3 |     3 ||     6
Armor: Skin              |     9 |       ||     9
Dodge: Dodged            |    55 |    15 ||    70
Block: Tower shield      |       |    23 ||    23

Table legend: (Time is in decaauts)
 A = Elapsed time spent in this place.
 B = Non-inter-level travel time spent in this place.
 C = Inter-level travel time spent in this place.
 D = Time resting spent in this place.
 E = Time spent auto-exploring this place.
 F = Levels seen in this place.
 G = Mean time per level.
                   A        B        C        D        E       F      G
               +--------+--------+--------+--------+--------+-----+--------+
         Total |   2910 |   2910 |      0 |    230 |   2037 |   3 |  970.0 |
       Dungeon |   2910 |   2910 |      0 |    230 |   2037 |   3 |  970.0 |
               +--------+--------+--------+--------+--------+-----+--------+

Top non-repeatable levels by time:
     D:2: 1684 daAuts
     D:1: 1046 daAuts
     D:3: 178 daAuts
